 Dungeon Crawl Stone Soup version 0.29.1-12-g30fa7ad0bf (webtiles) character file.

Game seed: 2120564161731962066

855 GeoRichter the Frost Mage (level 7, -5/37 (39) HPs)
             Began as a Deep Elf Ice Elementalist on Dec 31, 2022.
             Was an Initiate of Vehumet.
             Slain by a wight
             ... wielding a +0 war axe
              (11 damage)
             ... on level 5 of the Dungeon on Jan 1, 2023.
             The game lasted 00:12:10 (6229 turns).

GeoRichter the Frost Mage (DEIE)                    Turns: 6229, Time: 00:12:11

HP:   -5/37 (39)    AC: 13    Str:  5    XL:     7   Next: 70%
MP:   18/18         EV: 12    Int: 22    God:    Vehumet [......]
Gold: 237           SH:  4    Dex: 15    Spells: 11/18 levels left

rFire   . . .      SeeInvis .   a - staff of cold
rCold   + . .      Faith    .   g - +0 buckler
rNeg    . . .      Spirit   .   x - +0 robe
rPois   .          Reflect  .   l - +1 helmet
rElec   .          Harm     .   (no cloak)
rCorr   +          Rampage  .   (no gloves)
Will    .....                   (no boots)
Stlth   +++.......              A - amulet of magic regeneration
HPRegen 0.12/turn               j - ring of resist corrosion
MPRegen 0.56/turn               (no ring)

@: mighty, ice-armoured, drained
A: no striking features
a: Renounce Religion


You were on level 5 of the Dungeon.
You worshipped Vehumet.
Vehumet was noncommittal.
You visited 2 branches of the dungeon, and saw 6 of its levels.

You collected 237 gold pieces.

Inventory:

Hand Weapons
 b - a +2 hand axe of electrocution
   (You took it off an orc on level 3 of the Dungeon)
 c - a +0 dagger
   (You took it off a kobold on level 1 of the Dungeon)
Missiles
 r - a throwing net {!f}
 y - 15 poisoned darts
Armour
 g - a +0 buckler (worn)
   (You took it off a kobold on level 1 of the Dungeon)
 l - a +1 helmet (worn)
   (You found it on level 1 of the Dungeon)
 x - a +0 robe (worn)
Magical Staves
 a - a staff of cold (weapon)
   (You found it on level 4 of the Dungeon)
Jewellery
 j - a ring of resist corrosion (left hand)
   (You took it off a kobold on level 4 of the Dungeon)
 A - an amulet of magic regeneration (around neck)
   (You found it on level 5 of the Dungeon)
Wands
 v - a wand of iceblast (13)
   (You found it on level 3 of the Dungeon)
 w - a wand of polymorph (13)
   (You found it on level 4 of the Dungeon)
Scrolls
 i - a scroll of magic mapping
 k - 2 scrolls of enchant weapon {unknown}
 q - a scroll of summoning {unknown}
 s - 2 scrolls of teleportation {unknown}
Potions
 d - a potion of degeneration {unknown}
 e - a potion of cancellation {unknown}
 f - a potion of ambrosia {unknown}
 h - a potion of flight {unknown}
 m - a potion of might
 o - a potion of attraction {unknown}
 p - a potion of resistance {unknown}
 t - 4 potions of magic
 u - a potion of brilliance {unknown}
 z - a potion of mutation {!q}


   Skills:
 + Level 1.7 Fighting
 - Level 2.4 Dodging
 - Level 4.0 Stealth
 * Level 1.5 Shields
 - Level 6.4 Spellcasting
 - Level 8.2 Ice Magic


You had 11 spell levels left.
You knew the following spells:

 Your Spells              Type           Power      Damage    Failure   Level
a - Freeze                Ice            100%       1d11      1%          1
b - Frozen Ramparts       Ice            100%       1d16      1%          3
c - Ozocubu's Armour      Ice            60%        N/A       1%          3

Your spell library contained the following spells:

 Spells                   Type           Power      Damage    Failure   Level
 Beastly Appendage        Tmut           14%        N/A       12%         1
 Wereblood                Tmut           7%         N/A       17%         2
 Hailstorm                Conj/Ice       37%        3d9       22%         4
 Ice Form                 Ice/Tmut       37%        N/A       22%         4
 Summon Ice Beast         Ice/Summ       37%        N/A       22%         4
 Conjure Flame            Conj/Fire      7%         6-21      34%         3
 Ignite Poison            Fire/Tmut/Pois 7%         N/A       34%         3
 Spider Form              Tmut/Pois      7%         N/A       34%         3
 Sticky Flame             Conj/Fire      7%         2d3       75%         4


Dungeon Overview and Level Annotations

Branches:
Dungeon (5/15) Zot: 23945  Temple (1/1) D:5 Zot: 5804

Altars:
Ashenzari
Cheibriados
Fedhas
Hepliaklqana
Makhleb
Sif Muna
Trog
Uskayaw
Vehumet
Wu Jian
Xom
The Shining One

Shops:
D:4 (

Annotations:
D:5 exclusion: steam dragon


Message History

The wight barely misses you.
The wight completely resists.
The wall freezes the wight but does no damage.
The wight hits you but does no damage.
You hit the wight.
The wight resists.
The wall freezes the wight.
The wight barely misses you.
The wight completely resists.
The wall freezes the wight but does no damage.
The wight misses you.
The wight resists.
The wall freezes the wight.
The wight completely resists.
The wall freezes the wight but does no damage.
The wight barely misses you.
You hit the wight!
You destroy the wight!
Vehumet accepts your kill.
The wight resists.
The wall freezes the wight.
The wight misses you.
The wight resists.
The wall freezes the wight.
The wight hits you with a +0 falchion.
* * * LOW HITPOINT WARNING * * *
You feel drained.
* * * LOW HITPOINT WARNING * * *
The wight resists.
The wall freezes the wight.
Your Shields skill increases to level 1!
You feel much better.
The wight resists.
The wall freezes the wight.
You block the wight's attack.
The wight resists.
The wall freezes the wight.
The wight hits you with a +0 dagger.
The wight completely resists.
The wall freezes the wight but does no damage.
The wight closely misses you.
You hit the wight!
You destroy the wight!
Vehumet accepts your kill.
The wight resists.
The wall freezes the wight.
The wight closely misses you.
The wight resists.
The wall freezes the wight.
The wight hits you but does no damage.
Your life force feels restored.
You hit the wight but do no damage.
The frozen ramparts melt away.
The wight barely misses you. The wight misses you.
You block the wight's attack. The wight hits you but does no damage.
You completely miss the wight. The wight hits you with a +0 war axe!
* * * LOW HITPOINT WARNING * * *
You block the wight's attack.
You barely miss the wight. The wight hits you but does no damage.
You block the wight's attack.
You barely miss the wight. The wight barely misses you.
The wight hits you with a +0 war axe!
* * * LOW HITPOINT WARNING * * *
You feel drained.
* * * LOW HITPOINT WARNING * * *
Okay, then.
You closely miss the wight. The wight hits you but does no damage.
The wight hits you with a +0 war axe!
You die...

#.# #.# #.# #.# #.#
#########.######≈#
###...............≈#
#.z)..........####≈≈
#.#@#######.#....# #
#z# ##.#.##.# #)#
#.......# ...
#.P.P.P.# ..###.
#..P>P.##
##.....##..P.P.#
..###.##....P.#
..........÷..##
........#####


You could see 2 wights.

Vanquished Creatures
  A phantom (D:4)
  A kobold brigand (D:4)
  2 scorpions
  2 wights (D:5)
  A hound (D:4)
  2 orc priests
  2 jellies
  An iguana (D:5)
  Jessica (D:2)
  2 orc wizards (D:3)
  4 gnolls
  3 adders
  A shadow imp (D:4)
  2 white imps (D:4)
  2 ufetubi (D:4)
  2 worms
  A dart slug (D:3)
  16 orcs
  6 endoplasms
  10 giant cockroaches
  12 goblins
  5 hobgoblins
  4 jackals (D:3)
  3 quokkas
  7 ball pythons
  8 bats
  2 frilled lizards
  27 kobolds
  8 rats
  2 butterflies (D:3)
140 creatures vanquished.

Vanquished Creatures (others)
  A demonic plant (D:4)
  10 fungi (D:5)
  43 plants (D:4)
54 creatures vanquished.

Grand Total: 194 creatures vanquished

Notes
Turn   | Place    | Note
-------+----------+-------------------------------------------
     0 | D:1      | GeoRichter the Deep Elf Ice Elementalist began the quest
                  | for the Orb.
     0 | D:1      | Reached XP level 1. HP: 10/10 MP: 6/6
   244 | D:1      | Reached XP level 2. HP: 12/15 MP: 2/8
  1064 | D:2      | Reached XP level 3. HP: 19/19 MP: 9/9
  1217 | D:2      | Learned a level 3 spell: Frozen Ramparts
  1221 | D:2      | Learned a level 3 spell: Ozocubu's Armour
  1262 | D:2      | Noticed Jessica
  1266 | D:2      | Killed Jessica
  1267 | D:2      | Reached skill level 5 in Ice Magic
  1689 | D:2      | Reached XP level 4. HP: 20/24 MP: 4/11
  1918 | D:2      | Found a faded altar of an unknown god.
  2431 | D:3      | Noticed a scorpion
  2438 | D:3      | Killed a scorpion
  2439 | D:3      | Reached XP level 5. HP: 28/28 MP: 3/13
  2708 | D:3      | Reached skill level 6 in Ice Magic
  3023 | D:3      | Reached skill level 5 in Spellcasting
  3172 | D:3      | Found a shimmering altar of Xom.
  3188 | D:3      | Reached XP level 6. HP: 32/32 MP: 11/15
  3910 | D:4      | Reached skill level 7 in Ice Magic
  4118 | D:4      | Found Semnenem's Weapon Shop.
  4145 | D:4      | Reached XP level 7. HP: 31/36 MP: 9/18
  5092 | D:4      | Reached skill level 8 in Ice Magic
  5107 | D:4      | Reached skill level 1 in Fighting
  5788 | D:5      | Entered Level 5 of the Dungeon
  5835 | D:5      | Found a staircase to the Ecumenical Temple.
  5989 | Temple   | Entered the Ecumenical Temple
  6163 | Temple   | Became a worshipper of Vehumet
  6197 | D:5      | Noticed a steam dragon
  6223 | D:5      | Reached skill level 1 in Shields
  6229 | D:5      | Slain by a wight

Illustrated notes

Levels and vault maps discovered:
D:1:      wander_arrival_chamber, layout_basic, minmay_nonomino_d4
D:2:      layout_loops_corners, shapermc_ecumenical_altar_starsandcircs,
          minmay_close_crescents, uniq_jessica
D:3:      kennysheep_big_flooded_room, layout_loops_ring, xom_butterflies
D:4:      kennysheep_kobold_camp, layout_basic, serial_demonic,
          serial_demonic_c, serial_demonic_f, serial_demonic_a,
          serial_demonic_c, serial_shops, shop
D:5:      layout_loops_ring, minmay_temple_entry_overgrown, serial_aquarium,
          aquarium_bridge_square [aquarium_subvault_window,
          aquarium_subvault_bridge, aquarium_subvault_bridge,
          aquarium_subvault_bridge], aquarium_window_corridor_1,
          aquarium_window_1, aquarium_window_corner, aquarium_window_2,
          aquarium_view_2f, aquarium_view_2d, lightli_minifort
Temple:   bh_familiar_temple

Skill      XL: |  1  2  3  4  5  6  7 |
---------------+----------------------+-----
Stealth        | 3 4 |  4.0
Ice Magic      | 5 6 7 8 |  8.2
Spellcasting   | 4 5 6 |  6.4
Fighting       | 1 |  1.7
Shields        | 1 |  1.5
Dodging        | |  2.4

Action                   |  1- 3 |  4- 6 |  7- 9 || total
-------------------------+-------+-------+-------++-------
Melee: Dagger            |    17 |    11 |       ||    28
       Hand axe          |       |    34 |     6 ||    40
       Staff             |       |       |    38 ||    38
Throw: Stone             |       |     1 |       ||     1
 Cast: Freeze            |    38 |    10 |     5 ||    53
       Frozen Ramparts   |     6 |    24 |    15 ||    45
       Ozocubu's Armour  |     1 |    14 |    11 ||    26
Evoke: Wand              |       |       |     1 ||     1
  Use: Scroll            |     1 |       |     2 ||     3
       Potion            |       |       |     2 ||     2
 Stab: Sleeping          |     3 |     4 |     3 ||    10
Armor: Robe              |    20 |    32 |    17 ||    69
Dodge: Dodged            |    22 |    43 |    39 ||   104
Block: Buckler           |       |       |     5 ||     5
